 Dungeon Crawl Stone Soup version bcrawl-1.37.2 (webtiles) character file.

Game seed: 9444624583480130838

144268 PeterMcNeter the Skirmisher (level 4, 0/35 HPs)
             Began as a Demonspawn Fighter on Jan 12, 2023.
             Slain by Crazy Yiuf
             ... wielding a +3 quarterstaff of chaos
              (15 damage)
             ... on level 2 of the Dungeon.
             The game lasted 00:02:45 (1858 turns).

PeterMcNeter the Skirmisher (Demonspawn Fighter)    Turns: 1858, Time: 00:02:47

Health: 0/35       AC:  3    Str: 17    XL:     4   Next: 54%
Magic:  4/4        EV:  7    Int: 12    God:
Gold:   134        SH:  9    Dex: 12    Spells: 3/3 levels left

rFire    + . .     GDR:     27% a - +0 war axe
rCold    . . .     SeeInvis .   c - +0 medium shield
rNeg     . . .     Gourm    .   o - +0 ring mail (curse)
rPois    .         Faith    .   (helmet restricted)
rElec    .         Spirit   .   (no cloak)
rCorr    +         Reflect  .   (no gloves)
MR       .....                  (no boots)
Stlth    +.........             v - amulet of regeneration
HPRegen  0.27/turn              b - ring of resist corrosion
MPRegen  0.09/turn              r - ring of protection from fire

@: no status effects
A: antennae 2, clever 1, deformed body, sense surroundings 1, powered by pain 1,
sturdy frame 1
a: no special abilities


You were on level 2 of the Dungeon.
You were hungry.

You visited 1 branch of the dungeon, and saw 2 of its levels.

You collected 134 gold pieces.

Inventory:

Hand Weapons
 a - a +0 war axe (weapon)
Armour
 c - a +0 medium shield (worn)
 l - a +0 helmet
 o - a cursed +0 ring mail (worn)
Jewellery
 b - a ring of resist corrosion (left hand)
 r - a ring of protection from fire (right hand)
 v - an amulet of regeneration (around neck)
Scrolls
 f - a scroll of fog {unknown}
 g - a scroll of blinking {unknown}
 p - 3 scrolls of remove curse {unknown}
 s - a scroll of teleportation {unknown}
 u - a scroll of immolation {unknown}
Potions
 d - 2 potions of might
 h - 2 potions of brilliance
 i - 2 potions of haste {unknown}
 j - 2 potions of agility
 k - a potion of flight
 m - a potion of magic {unknown}
 n - a potion of lignification {unknown}
 t - a potion of heal wounds {unknown}
Comestibles
 e - 5 rations {!d}


   Skills:
 + Level 3.5 Fighting
 * Level 2.9 Axes
 + Level 3.1 Armour
 + Level 1.2 Dodging
 + Level 3.1 Shields


You had 3 spell levels left.
You didn't know any spells.
Your spell library was empty.

Dungeon Overview and Level Annotations

Branches:
Dungeon (2/12)

Altars:
Cheibriados
Dithmenos
Okawaru

Annotations:
D:2 Crazy Yiuf


Innate Abilities, Weirdness & Mutations

You have a pair of antennae on your head.
You sometimes gain a little power by taking damage.
Your movements are slightly less encumbered by armour. (ER -2)
Your mind is acute. (Int +2)
Armour fits poorly on your strangely shaped body.
You passively map a small area around you.


Message History

The giant cockroach is severely wounded.
You block the giant cockroach's attack. x2
You closely miss the giant cockroach.
The giant cockroach is severely wounded.
You feel a little less agile now.
The giant cockroach bites you but does no damage.
You slash the giant cockroach!
You kill the giant cockroach!
You are feeling very hungry.
You see here a giant cockroach corpse.
Really quaff the potion of mutation?
You feel extremely strange.
You feel healthier.
You feel genetically unstable.
You feel agile.
You feel clever.
Your body twists and deforms.
The antennae on your head grow some more.
You feel a strange attunement to the structure of the dungeons.
Eating a chunk of flesh.
You eat the chunk of flesh.
This raw flesh tastes terrible.
You are feeling hungry.
You are starting to lose your buoyancy.
You start to feel a little slower.
You float gracefully downwards.
You feel sluggish.
HP restored.
j - 2 potions of agility (gained 1)
m - a golden potion You butcher the human corpse of Jessica.
q - 3 chunks of flesh
Things that are here:
a cursed -3 dagger; a +0 robe; the human skeleton of Jessica
Things that are here:
a cursed -3 dagger; a +0 robe; the human skeleton of Jessica Eating one of 3 chunks of flesh.
You eat one of the 3 chunks of flesh.
This raw flesh tastes terrible.
You butcher the hobgoblin corpse.
q - 4 chunks of flesh (gained 2)
Items here: ( )))) รท x2
You now have 120 gold pieces (gained 8).
You start to feel a little faster.
You no longer feel sluggish.
You see here a ring mail.
You now have 130 gold pieces (gained 10).
You see here a ring mail.
You see here 213 stones.
You open the large door.
There is a large open door here.
There is a large open door here.
i - 2 ruby potions (gained 1)
There is a snail-covered altar of Cheibriados here.
There is a shadowy altar of Dithmenos here.
v - a thin filigree amulet Put on which piece of jewellery? (? for menu, Esc to quit)
The amulet throbs as it attunes itself to your uninjured body.
v - an amulet of regeneration (around neck)
h - 2 potions of brilliance (gained 1)
You see here 142 stones.
As you open the door, it creaks loudly!
There is an open door here.
All of the chunks of flesh in your inventory have rotted away.
e - 5 rations {!d} (gained 1)
You are feeling hungry.
p - 2 scrolls labeled NUOGRU QUYQI (gained 1)
You now have 134 gold pieces (gained 4).
There is a stone staircase leading down here.
A giant cockroach comes into view.
Your shield prevents you from hitting the giant cockroach.
The giant cockroach bites you but does no damage. x2
You hit the giant cockroach.
The giant cockroach is almost dead.
The giant cockroach bites you.
The giant cockroach bites you but does no damage.
You closely miss the giant cockroach.
The giant cockroach is almost dead.
The giant cockroach bites you but does no damage.
You closely miss the giant cockroach.
The giant cockroach is almost dead.
The giant cockroach closely misses you. You block the giant cockroach's attack.
You closely miss the giant cockroach.
The giant cockroach is almost dead.
You block the giant cockroach's attack. The giant cockroach bites you.
You hit the giant cockroach.
You kill the giant cockroach!
No target in view!
p - 3 scrolls labeled NUOGRU QUYQI (gained 1) Partly explored, can't reach some items and places.
Partly explored, can't reach some items and places.
Search for what [Enter for "."]?
Okay, then.
You open the door.
Crazy Yiuf the Enlightened comes into view.
He is wielding a +3 quarterstaff of chaos and carrying a wand of flame (17).
Crazy Yiuf shouts!
Crazy Yiuf zaps a wand.
You resist. The puff of flame hits you.
There is an open door here.
Crazy Yiuf hits you with a +3 quarterstaff of chaos!
* * * LOW HITPOINT WARNING * * *
You are too injured to fight recklessly!
You are too injured to fight recklessly!
You barely miss Crazy Yiuf.
Crazy Yiuf hits you with a +3 quarterstaff of chaos!
You die...

##.#....#
##..>#######
##.#...#
#..#.#......
##.#.##
##(#.##.#### ##.#.#
#.#.......# ##.##
##.#..#.##.#
##..###.....#..#.#
#.##.###.##.#....#
##'###.##.##.######
#.@.###....#.......
#.g.# ###..........
#)..# ###########
##### ############
#...........
############


You could see Crazy Yiuf.

Vanquished Creatures
  Jessica (D:2)
  A worker ant (D:2)
  3 worms (D:2)
  3 dart slugs (D:2)
  4 leopard geckos
  6 giant cockroaches
  3 hobgoblins
  A quokka (D:2)
  A ball python (D:2)
  A bat (D:2)
  2 frilled lizards
  3 goblins
  4 kobolds
  6 rats
39 creatures vanquished.

Notes
Turn   | Place    | Note
-------+----------+-------------------------------------------
     0 | D:1      | PeterMcNeter the Demonspawn Fighter began the quest for the
                  | Orb.
     0 | D:1      | Reached XP level 1. HP: 18/18 MP: 1/1
   251 | D:1      | Reached skill level 2 in Axes
   416 | D:1      | Gained mutation: Your movements are slightly less
                  | encumbered by armour. (ER -2) [demonic ancestry]
   416 | D:1      | Reached XP level 2. HP: 24/24 MP: 2/2
  1092 | D:2      | Reached skill level 3 in Shields
  1092 | D:2      | Gained mutation: You sometimes gain a little power by
                  | taking damage. [demonic ancestry]
  1092 | D:2      | Reached XP level 3. HP: 20/29 MP: 3/3
  1165 | D:2      | Reached skill level 3 in Armour
  1350 | D:2      | Found a runed door.
  1439 | D:2      | Gained mutation: You have a pair of small antennae on your
                  | head. [demonic ancestry]
  1439 | D:2      | Reached XP level 4. HP: 33/35 MP: 4/4
  1497 | D:2      | Noticed Jessica
  1501 | D:2      | Reached skill level 1 in Dodging
  1505 | D:2      | Gained mutation: You are clumsy. (Dex -2) [potion of
                  | mutation]
  1505 | D:2      | Gained mutation: Your body sometimes deteriorates upon
                  | taking damage. [potion of mutation]
  1505 | D:2      | Gained mutation: You are somewhat resistant to further
                  | mutation. [potion of mutation]
  1517 | D:2      | Killed Jessica
  1519 | D:2      | Found a shadowy altar of Dithmenos.
  1519 | D:2      | Found a snail-covered altar of Cheibriados.
  1520 | D:2      | Found an iron altar of Okawaru.
  1539 | D:2      | Lost mutation: Your body sometimes deteriorates upon taking
                  | damage. [potion of mutation]
  1539 | D:2      | Lost mutation: You are somewhat resistant to further
                  | mutation. [potion of mutation]
  1539 | D:2      | Lost mutation: You are clumsy. (Dex -2) [potion of
                  | mutation]
  1539 | D:2      | Gained mutation: Your mind is acute. (Int +2) [potion of
                  | mutation]
  1539 | D:2      | Gained mutation: Armour fits poorly on your strangely
                  | shaped body. [potion of mutation]
  1539 | D:2      | Gained mutation: You have a pair of antennae on your head.
                  | [potion of mutation]
  1539 | D:2      | Gained mutation: You passively map a small area around you.
                  | [potion of mutation]
  1855 | D:2      | Noticed Crazy Yiuf
  1858 | D:2      | Slain by Crazy Yiuf

Skill      XL: |  1  2  3  4 |
---------------+-------------+-----
Axes           | 2 |  2.9
Shields        | 3 |  3.1
Armour         | 3 |  3.1
Dodging        | 1 |  1.2
Fighting       | |  3.5

Action                   |  1- 3 |  4- 6 || total
-------------------------+-------+-------++-------
Melee: War axe           |   108 |    41 ||   149
  Use: Potion            |       |     5 ||     5
  Eat: Chunk             |     6 |     2 ||     8
Armor: Scale mail        |    19 |       ||    19
       Ring mail         |    39 |    14 ||    53
Dodge: Dodged            |    31 |    17 ||    48
Block: Medium shield     |    48 |    20 ||    68

Levels and vault maps discovered:
D:1:      nzn_arrival_crosshair, layout_loops_corners, minmay_crystal_room
D:2:      layout_basic, chequers_temple_overflow_statue_of_worship,
          hangedman_decor_points, uniq_crazy_yiuf_cottage, uniq_jessica

Table legend:
 A = Turns spent in this place as a percentage of turns spent in the entire game.
 B = Non-inter-level travel turns spent in this place as a percentage of non-inter-level travel turns spent in the entire game.
 C = Inter-level travel turns spent in this place as a percentage of turns spent in this place.
 D = Turns resting spent in this place as a percentage of non-inter-level travel turns spent in this place.
 E = Turns spent auto-exploring this place as a percentage of non-inter-level travel turns spent in this place.
 F = Non-inter-level travel turns spent in this place divided by the number of levels of this place that you've seen.
                   A       B       C       D       E      F
               +-------+-------+-------+-------+-------+----------------------
         Total | 100.0 | 100.0 |   3.7 |   3.2 |  79.4 | 895.0
       Dungeon | 100.0 | 100.0 |   3.7 |   3.2 |  79.4 | 895.0
               +-------+-------+-------+-------+-------+----------------------

Table legend:
 A = Kills in this place as a percentage of kills in entire the game.
 B = Kills by you in this place as a percentage of kills by you in the entire game.
 C = Kills by friends in this place as a percentage of kills by friends in the entire game.
 D = Other kills in this place as a percentage of other kills in the entire game.
 E = Experience gained in this place as a percentage of experience gained in the entire game.
 F = Experience gained in this place divided by the number of levels of this place that you have seen.
                   A       B       C       D       E      F
               +-------+-------+-------+-------+-------+----------------------
         Total | 100.0 | 100.0 |   N/A |   N/A | 100.0 |  75.5
       Dungeon | 100.0 | 100.0 |   N/A |   N/A | 100.0 |  75.5
               +-------+-------+-------+-------+-------+----------------------
